 Dungeon Crawl Stone Soup version 0.30-a0-578-gdee14c521f (webtiles) character file.

Game seed: 11045666063315822566

61 HyperVT the Gusty (level 4, -5/24 HPs)
             Began as a Tengu Air Elementalist on Jan 1, 2023.
             Slain by a worm (11 damage)
             ... on level 2 of the Dungeon.
             The game lasted 00:13:22 (1504 turns).

HyperVT the Gusty (Tengu Air Elementalist)          Turns: 1504, Time: 00:13:23

Health: -5/24      AC:  2    Str:  8    XL:     4   Next: 7%
Magic:  3/9        EV: 12    Int: 18    God:
Gold:   66         SH:  0    Dex: 14    Spells: 5/8 levels left

rFire   . . .      SeeInvis .    b - +0 short sword
rCold   . . .      Faith    .    (no shield)
rNeg    . . .      Spirit   .    a - +0 robe
rPois   .          Reflect  .    (helmet restricted)
rElec   .          Harm     .    (no cloak)
rCorr   .          Rampage  .    (no gloves)
Will    .....                    (boots unavailable)
Stlth   ++                       k - amulet of magic regeneration
HPRegen 0.24/turn                (no ring)
MPRegen 0.51/turn                (no ring)

@: very slightly contaminated
A: beak, talons 3
a: no special abilities


You were on level 2 of the Dungeon.
You visited 1 branch of the dungeon, and saw 2 of its levels.

You collected 66 gold pieces.

Inventory:

Hand Weapons
 b - a +0 short sword (weapon)
Armour
 a - a +0 robe (worn)
Jewellery
 f - an amulet of faith
 k - an amulet of magic regeneration (around neck)
Scrolls
 c - 2 scrolls of vulnerability {unknown}
 d - a scroll of magic mapping {unknown}
 g - a scroll of blinking {unknown}
 i - 2 scrolls of poison {unknown}
 j - a scroll of enchant weapon {unknown}
 l - a scroll of fear {unknown}
Potions
 e - a potion of flight {unknown}
 h - a potion of curing {unknown}


   Skills:
 + Level 2.4 Dodging
 + Level 2.2 Stealth
 + Level 2.7 Spellcasting
 + Level 2.0 Conjurations
 + Level 5.1 Air Magic


You had 5 spell levels left.
You knew the following spells:

 Your Spells              Type           Power      Damage    Failure   Level
a - Shock                 Conj/Air       60%        1d6       3%          1
b - Static Discharge      Conj/Air       30%        2-4/arc   6%          2

Your spell library contained the following spells:

 Spells                   Type           Power      Damage    Failure   Level
 Swiftness                Air            20%        N/A       6%          3
 Airstrike                Air            10%        2d(2-18)  21%         4
 Portal Projectile        Hex/Tloc       4%         N/A       45%         3
 Tukima's Dance           Hex            2%         N/A       45%         3
 Blade Hands              Tmut           1%         N/A       99%         5


Dungeon Overview and Level Annotations

Branches:
Dungeon (2/15)

Altars:


Innate Abilities, Weirdness & Mutations

You have a beak for a mouth.
You have claws for feet.


Message History

Confirm with . or Enter, or press ? or * to list all spells.
You don't know that spell.
Casting: Static Discharge (safe; 6% risk of failure)
Confirm with . or Enter, or press ? or * to list all spells.
You don't know that spell.
Casting: Static Discharge (safe; 6% risk of failure)
Confirm with . or Enter, or press ? or * to list all spells.
You don't know that spell.
Casting: Static Discharge (safe; 6% risk of failure)
Confirm with . or Enter, or press ? or * to list all spells.
Aiming: Shock (safe; 3% risk of failure)
Press: ? - help, Shift-Dir - straight line, f - worm
Aim: a worm (90% to hit)
The zap hits the worm.
The worm is moderately wounded.
Casting: Shock (safe; 3% risk of failure)
Confirm with . or Enter, or press ? or * to list all spells.
Aiming: Shock (safe; 3% risk of failure)
Press: ? - help, Shift-Dir - straight line, f/p - worm
Aim: a worm (moderately wounded, 90% to hit)
You miscast Shock.
Nothing appears to happen.
The worm bites you.
Casting: Shock (safe; 3% risk of failure)
Confirm with . or Enter, or press ? or * to list all spells.
The worm is struck by an arc of lightning.
The worm is moderately wounded.
You are struck by an arc of lightning.
The lightning grounds out.
The worm bites you.
You are too injured to fight recklessly!
You barely miss the worm. You peck the worm.
The worm is moderately wounded.
You barely miss the worm. Your kick misses the worm. You peck the worm.
The worm is heavily wounded.
The worm bites you.
* * * LOW HITPOINT WARNING * * *
You hit the worm but do no damage.
The worm is heavily wounded.
You barely miss the worm. You claw the worm.
The worm is severely wounded.
The worm bites you!
You die...

.# .# ## # .#.. .. #.###
.#. .### #.#.. .. ...#
##.#.#####.#
###.#.#.#........#)#.####
.............†...w..$....
....#.###..#.###@#$#.####
#......##. #.# #.#.#
#.###..#####.# #.#.#
.......#.....# #.#.#
#.##...#.#######....
#......)......####.#
####..##.####.# .#
..........# #####.....#


You could see a worm.

Vanquished Creatures
  An adder (D:2)
  2 dart slugs (D:1)
  2 bats (D:1)
  6 endoplasms
  3 giant cockroaches (D:1)
  3 goblins
  7 hobgoblins
  3 jackals (D:1)
  A quokka (D:1)
  4 ball pythons
  3 frilled lizards (D:1)
  3 kobolds
  4 rats (D:1)
42 creatures vanquished.

Vanquished Creatures (others)
  A plant (D:1)
1 creature vanquished.

Grand Total: 43 creatures vanquished

Notes
Turn   | Place    | Note
-------+----------+-------------------------------------------
     0 | D:1      | HyperVT the Tengu Air Elementalist began the quest for the
                  | Orb.
     0 | D:1      | Reached XP level 1. HP: 10/10 MP: 4/4
   202 | D:1      | Reached XP level 2. HP: 15/15 MP: 0/6
   486 | D:1      | Reached XP level 3. HP: 16/19 MP: 2/7
   970 | D:1      | Reached skill level 5 in Air Magic
  1142 | D:1      | Learned a level 2 spell: Static Discharge
  1492 | D:2      | Reached XP level 4. HP: 19/24 MP: 3/9
  1504 | D:2      | Slain by a worm

Illustrated notes

Levels and vault maps discovered:
D:1:      minmay_arrival_three_doors, layout_basic, minmay_misc_feat_rugged,
          serial_bayou_pond_d, minmay_strange_pillars
D:2:      layout_basic, kennysheep_generic_room_10

Skill      XL: |  1  2  3 |
---------------+----------+-----
Air Magic      | 5 |  5.1
Conjurations   | 2 |  2.0
Dodging        | |  2.4
Stealth        | |  2.2
Spellcasting   | |  2.7

Action                   |  1- 3 |  4- 6 || total
-------------------------+-------+-------++-------
Melee: Unarmed           |     5 |       ||     5
       Kick              |     8 |     1 ||     9
       Short sword       |    13 |     4 ||    17
       Peck              |     1 |     2 ||     3
 Cast: Shock             |    81 |     1 ||    82
       Static Discharge  |     4 |     1 ||     5
  Use: Potion            |     1 |       ||     1
Armor: Robe              |     4 |       ||     4
Dodge: Dodged            |    16 |       ||    16

Table legend: (Time is in decaauts)
 A = Elapsed time spent in this place.
 B = Non-inter-level travel time spent in this place.
 C = Inter-level travel time spent in this place.
 D = Time resting spent in this place.
 E = Time spent auto-exploring this place.
 F = Levels seen in this place.
 G = Mean time per level.
                   A        B        C        D        E       F      G
               +--------+--------+--------+--------+--------+-----+--------+
         Total |   1505 |   1320 |    185 |    539 |    554 |   2 |  752.5 |
       Dungeon |   1505 |   1320 |    185 |    539 |    554 |   2 |  752.5 |
               +--------+--------+--------+--------+--------+-----+--------+

Top non-repeatable levels by time:
     D:1: 1396 daAuts
     D:2: 108 daAuts
